 Dungeon Crawl Stone Soup version 0.21-a0-426-g98080a9 (webtiles) character file.

553 esteth the Caller (level 7, -7/51 HPs)
             Began as a Gnoll Summoner on Nov 6, 2017.
             Was a Believer of Vehumet.
             Mangled by a two-headed ogre
             ... wielding a +0 giant club
              (10 damage)
             ... on level 5 of the Dungeon on Nov 7, 2017.
             The game lasted 00:15:35 (4330 turns).

esteth the Caller (Gnoll Summoner)                  Turns: 4330, Time: 00:15:35

Health: -7/51      AC:  4    Str: 11    XL:     7   Next: 29%
Magic:  11/24      EV: 15    Int: 19    God:    Vehumet [**....]
Gold:   238        SH:  3    Dex: 15    Spells: 5/17 levels left

rFire    . . .     SeeInvis .   o - +0 spear (pierce)
rCold    + . .     Gourm    .   (no shield)
rNeg     . . .     Faith    .   a - +0 robe
rPois    .         Spirit   .   (no helmet)
rElec    .         Reflect  +   j - +0 cloak
rCorr    .         Harm     .   u - +0 pair of gloves
MR       .....                  (no boots)
Stlth    +++.......             n - +3 amulet of reflection
HPRegen  0.17/turn              y - ring of magical power
MPRegen  0.19/turn              i - ring of protection from cold

@: very slightly contaminated
A: distributed training, fangs 1, strong nose
a: Renounce Religion


You were on level 5 of the Dungeon.
You worshipped Vehumet.
Vehumet was pleased with you.
You were very hungry.

You visited 1 branch of the dungeon, and saw 5 of its levels.

You collected 238 gold pieces.

Inventory:

Hand Weapons
 d - a +0 mace
 o - a +0 spear of piercing (weapon)
Armour
 a - a +0 robe (worn)
 j - a +0 cloak (worn)
 u - a +0 pair of gloves (worn)
Jewellery
 i - a ring of protection from cold (right hand)
 n - a +3 amulet of reflection (around neck)
 y - a ring of magical power (left hand)
Scrolls
 g - 2 scrolls of enchant weapon {unknown}
 k - a scroll of recharging {unknown}
 m - a scroll of identify
 q - 2 scrolls of enchant armour {unknown}
 r - 2 scrolls of teleportation {unknown}
 s - a scroll of magic mapping {unknown}
 t - 2 scrolls of remove curse
 A - a scroll of random uselessness {unknown}
Potions
 h - a potion of ambrosia {unknown}
 l - a potion of curing {unknown}
 p - 2 potions of haste {unknown}
 v - 2 potions of brilliance {unknown}
Books
 b - a book of Callings

   Spells                             Type                      Level
   a - Summon Small Mammal            Summoning                    1
   b - Call Imp                       Summoning                    2
   c - Call Canine Familiar           Summoning                    3
   d - Summon Guardian Golem          Hexes/Summoning              3
   e - Summon Lightning Spire         Summoning/Air                4
   f - Summon Ice Beast               Ice/Summoning                4
Comestibles
 c - 5 bread rations
 f - a meat ration
 w - 4 fruits
 z - a royal jelly


   Skills:
 + Level 2.3 Fighting
 + Level 2.3 Short Blades
 + Level 2.3 Long Blades
 + Level 2.3 Axes
 + Level 2.3 Maces & Flails
 + Level 2.3 Polearms
 + Level 2.3 Staves
 + Level 2.3 Slings
 + Level 2.3 Bows
 + Level 2.3 Crossbows
 + Level 2.3 Throwing
 + Level 2.3 Armour
 + Level 5.2 Dodging
 + Level 4.8 Stealth
 + Level 2.3 Shields
 + Level 2.3 Unarmed Combat
 + Level 5.5 Spellcasting
 + Level 1.9 Conjurations
 + Level 1.9 Hexes
 + Level 1.9 Charms
 + Level 7.4 Summonings
 + Level 1.9 Necromancy
 + Level 1.9 Translocations
 + Level 1.9 Transmutations
 + Level 1.9 Fire Magic
 + Level 1.9 Ice Magic
 + Level 1.9 Air Magic
 + Level 1.9 Earth Magic
 + Level 1.9 Poison Magic
 + Level 2.6 Invocations
 + Level 2.3 Evocations


You had 5 spell levels left.
You knew the following spells:

 Your Spells              Type           Power        Failure   Level  Hunger
a - Summon Small Mammal   Summ           ####         1%          1    None
b - Call Canine Familiar  Summ           ####....     1%          3    ##.....
c - Summon Ice Beast      Ice/Summ       ###.....     17%         4    ####...
d - Summon Lightning Spi  Summ/Air       ###.....     17%         4    ####...


Dungeon Overview and Level Annotations

Branches:
Dungeon (5/15)             Temple (0/1) D:4

Altars:
Ashenzari
Elyvilon
Gozag
Qazlal
Ru
Sif Muna
Vehumet
Xom
Zin
The Shining One


Innate Abilities, Weirdness & Mutations

Your experience applies equally to all skills.
You have very sharp teeth.
Your uncanny sense of smell can sniff out nearby items.


Message History

As you read the scroll of blinking, it crumbles to dust.
Casting: Summon Ice Beast
Confirm with . or Enter, or press ? or * to list all spells.
Your hound barely misses the two-headed ogre.
Your hound bites the two-headed ogre.
The two-headed ogre hits your hound with a giant club!!
Your hound dies!
Your hound's corpse disappears in a puff of smoke!
Your ice beast barely misses the two-headed ogre.
Attack whom?
Press: ? - help, Dir - move target cursor, f - two-headed ogre
Aim: a two-headed ogre, wielding a giant club and a dire flail (almost dead)
You reach to attack!
You hit the two-headed ogre.
The two-headed ogre is almost dead.
Casting: Call Canine Familiar
Confirm with . or Enter, or press ? or * to list all spells.
You are feeling very hungry.
The two-headed ogre closely misses you.
The two-headed ogre hits you with a dire flail!
You die...

.)...............#
.......#.######..#
########.###.....#
#<##..#.#.#
#.##......#
##.##..#.#.##
#.........Y.#
#..##.#.#.Oh#
##...##...#@.#
#.†)..##.##..#
#.))......##....
#.....⌠..####.....
#..<.......
...#.#.
#.....⌠...##
##.....
#.......#.# .#.#.
##..⌠..##.# .....
##....#


You could see a two-headed ogre, a friendly ice beast and a friendly hound.

Vanquished Creatures
  An orc priest (D:5)
  A bullfrog skeleton (D:5)
  An iguana (D:4)
  2 adders
  A leopard gecko (D:1)
  7 orcs (D:3)
  2 giant cockroaches
  6 goblins
  4 hobgoblins
  3 jackals
  A quokka (D:3)
  A ball python (D:2)
  2 bats
  3 frilled lizards
  2 kobolds
  A leopard gecko skeleton (D:5)
  6 rats
44 creatures vanquished.

Vanquished Creatures (collateral kills)
  Grinder (D:5)
  Duvessa (D:5)
  An ice beast (D:5)
  A sky beast (D:4)
  Dowan (D:5)
  3 orc wizards
  Robin (D:2)
  3 adders
  A shadow imp (D:5)
  3 worms (D:3)
  2 dart slugs (D:1)
  A leopard gecko (D:2)
  10 orcs
  A ball python (D:3)
  A bat (D:1)
  4 giant cockroaches
  5 hobgoblins
  7 jackals
  3 frilled lizards
  8 goblins
  A kobold (D:1)
  3 rats
62 creatures vanquished.

Vanquished Creatures (others)
  A quokka (D:5)
1 creature vanquished.

Grand Total: 107 creatures vanquished

Notes
Turn   | Place    | Note
-------+----------+-------------------------------------------
     0 | D:1      | esteth the Gnoll Summoner began the quest for the Orb.
     0 | D:1      | Reached XP level 1. HP: 13/13 MP: 6/6
   347 | D:1      | Reached XP level 2. HP: 19/19 MP: 4/7
   915 | D:2      | Found a radiant altar of Vehumet.
   915 | D:2      | Found a shimmering altar of Xom.
   961 | D:2      | Became a worshipper of Vehumet
   988 | D:2      | Found an opulent altar of Gozag.
   988 | D:2      | Noticed Robin
  1016 | D:2      | Reached XP level 3. HP: 22/25 MP: 5/9
  1036 | D:2      | Reached skill level 5 in Spellcasting
  1044 | D:2      | Killed Robin
  1221 | D:2      | Learned a level 3 spell: Call Canine Familiar
  1261 | D:2      | Reached skill level 1 in Invocations
  1985 | D:2      | Found a glowing golden altar of the Shining One.
  2051 | D:3      | Reached skill level 1 in Fighting
  2051 | D:3      | Reached skill level 1 in Short Blades
  2051 | D:3      | Reached skill level 1 in Long Blades
  2051 | D:3      | Reached skill level 1 in Axes
  2051 | D:3      | Reached skill level 1 in Maces & Flails
  2051 | D:3      | Reached skill level 1 in Polearms
  2051 | D:3      | Reached skill level 1 in Staves
  2051 | D:3      | Reached skill level 1 in Slings
  2051 | D:3      | Reached skill level 1 in Bows
  2051 | D:3      | Reached skill level 1 in Crossbows
  2051 | D:3      | Reached skill level 1 in Throwing
  2051 | D:3      | Reached skill level 1 in Armour
  2051 | D:3      | Reached skill level 1 in Shields
  2051 | D:3      | Reached skill level 1 in Unarmed Combat
  2051 | D:3      | Reached skill level 1 in Evocations
  2056 | D:3      | Found a shattered altar of Ashenzari.
  2106 | D:3      | Reached XP level 4. HP: 32/32 MP: 11/11
  2267 | D:3      | Reached skill level 1 in Conjurations
  2267 | D:3      | Reached skill level 1 in Hexes
  2267 | D:3      | Reached skill level 1 in Charms
  2267 | D:3      | Reached skill level 1 in Necromancy
  2267 | D:3      | Reached skill level 1 in Translocations
  2267 | D:3      | Reached skill level 1 in Transmutations
  2267 | D:3      | Reached skill level 1 in Fire Magic
  2267 | D:3      | Reached skill level 1 in Ice Magic
  2267 | D:3      | Reached skill level 1 in Air Magic
  2267 | D:3      | Reached skill level 1 in Earth Magic
  2267 | D:3      | Reached skill level 1 in Poison Magic
  2280 | D:3      | Reached * piety under Vehumet
  2280 | D:3      | Offered knowledge of Sandblast by Vehumet.
  2537 | D:3      | Learned a level 4 spell: Summon Ice Beast
  2542 | D:3      | Learned a level 4 spell: Summon Lightning Spire
  2584 | D:3      | Reached XP level 5. HP: 36/37 MP: 9/12
  2990 | D:3      | Found a faded altar of an unknown god.
  3158 | D:4      | Noticed a sky beast
  3171 | D:4      | Killed a sky beast
  3178 | D:4      | Found a deep blue altar of Sif Muna.
  3285 | D:4      | Found a sacrificial altar of Ru.
  3384 | D:4      | Found a glowing silver altar of Zin.
  3414 | D:4      | Found a staircase to the Ecumenical Temple.
  3445 | D:4      | Reached XP level 6. HP: 44/44 MP: 7/13
  3612 | D:5      | Entered Level 5 of the Dungeon
  3759 | D:5      | Found a stormy altar of Qazlal.
  3766 | D:5      | Noticed an ice beast
  3780 | D:5      | Killed an ice beast
  3810 | D:5      | Found a white marble altar of Elyvilon.
  3815 | D:5      | Noticed Dowan
  3818 | D:5      | Noticed Duvessa
  3826 | D:5      | Killed Duvessa
  3826 | D:5      | Reached skill level 5 in Dodging
  3827 | D:5      | Killed Dowan
  4153 | D:5      | Noticed Grinder
  4170 | D:5      | Killed Grinder
  4170 | D:5      | Reached XP level 7. HP: 37/50 MP: 11/15
  4240 | D:5      | Reached ** piety under Vehumet
  4283 | D:5      | Offered knowledge of Shock by Vehumet.
  4294 | D:5      | Noticed a two-headed ogre
  4308 | D:5      | HP: 2/51 [two-headed ogre/giant club (10)]
  4313 | D:5      | HP: 1/51 [poisoned by an adder]
  4330 | D:5      | Mangled by a two-headed ogre

Vault maps used:
D:1:      zelgadis_glass_arrival_small
D:2:      tso_altar, gammafunk_temple_overflow_statue, lemuel_doored_altar,
          uniq_robin
D:3:      nicolae_ashenzari_panopticon, chequers_ecumenical_altar_grove
D:4:      nicolae_ru_great_annihilating_truth, old_standard_altar,
          overflow_temple_1_default, minmay_temple_entry_junction
D:5:      fedhas_altar_1, old_standard_altar, serial_glass, glass_columns_a,
          glass_columns_c, serial_shops, shop_statue, first_bread,
          corexii_item_surrounded_by_moat, grunt_ministairs_9, elyvilon_altar_4,
          uniq_duvessa, uniq_grinder

Skill      XL: |  1  2  3  4  5  6 |
---------------+-------------------+-----
Spellcasting   | 5 |  5.5
Invocations    | 1 2 |  2.6
Fighting       | 1 2 |  2.3
Short Blades   | 1 2 |  2.3
Long Blades    | 1 2 |  2.3
Axes           | 1 2 |  2.3
Maces & Flails | 1 2 |  2.3
Polearms       | 1 2 |  2.3
Staves         | 1 2 |  2.3
Slings         | 1 2 |  2.3
Bows           | 1 2 |  2.3
Crossbows      | 1 2 |  2.3
Throwing       | 1 2 |  2.3
Armour         | 1 2 |  2.3
Shields        | 1 2 |  2.3
Unarmed Combat | 1 2 |  2.3
Evocations     | 1 2 |  2.3
Conjurations   | 1 |  1.9
Hexes          | 1 |  1.9
Charms         | 1 |  1.9
Necromancy     | 1 |  1.9
Translocations | 1 |  1.9
Transmutations | 1 |  1.9
Fire Magic     | 1 |  1.9
Ice Magic      | 1 |  1.9
Air Magic      | 1 |  1.9
Earth Magic    | 1 |  1.9
Poison Magic   | 1 |  1.9
Dodging        | 5 |  5.2
Stealth        | |  4.8
Summonings     | |  7.4

Action                   |  1- 3 |  4- 6 |  7- 9 || total
-------------------------+-------+-------+-------++-------
Melee: Unarmed           |    13 |       |       ||    13
       Bite              |     3 |    10 |     1 ||    14
       Mace              |    23 |       |       ||    23
       Spear             |     8 |   113 |    27 ||   148
       Punch             |       |     1 |       ||     1
 Cast: Summon Small Mamm |    48 |    13 |       ||    61
       Call Canine Famil |     1 |    14 |     3 ||    18
       Summon Lightning  |       |     3 |     1 ||     4
       Summon Ice Beast  |       |       |     2 ||     2
  Use: Scroll            |     4 |     1 |     1 ||     6
 Stab: Sleeping          |     5 |    11 |       ||    16
       Distracted        |       |     2 |     1 ||     3
  Eat: Chunk             |     4 |     6 |     2 ||    12
Armor: Robe              |    22 |     5 |    11 ||    38
Dodge: Dodged            |    68 |    39 |    31 ||   138
Block: Other             |       |     8 |     3 ||    11

Table legend:
 A = Spawn XP
 B = Non-spawn XP
 C = Spawn XP percentage of total XP
 D = Spawn monster count
 E = Non-spawn monster count
 F = Spawn count percentage of total count
 G = Total turns spent on level
                    A         B        C        D         E        F      G
               +---------+---------+-------+---------+---------+-------+---------
         Total |       0 |     790 |   0.0 |       0 |     106 |   0.0 |  4330
               +---------+---------+-------+---------+---------+-------+---------
           D:1 |       0 |      23 |   0.0 |       0 |      20 |   0.0 |   855
           D:2 |       0 |      52 |   0.0 |       0 |      23 |   0.0 |  1194
           D:3 |       0 |     114 |   0.0 |       0 |      37 |   0.0 |  1080
           D:4 |       0 |     137 |   0.0 |       0 |       7 |   0.0 |   483
           D:5 |       0 |     464 |   0.0 |       0 |      19 |   0.0 |   718
               +---------+---------+-------+---------+---------+-------+---------
